 Dungeon Crawl Stone Soup version 0.30-a0-782-ge64f9170bb (webtiles) character file.

Game seed: 806628825605956180

158 Flugslaktarn the Shield-Bearer (level 5, 0/63 HPs)
             Began as a Formicid Fighter on Mar 9, 2023.
             Slain by an adder (1 damage)
             ... on level 4 of the Dungeon.
             The game lasted 00:01:31 (2555 turns).

Flugslaktarn the Shield-Bearer (Formicid Fighter)   Turns: 2555, Time: 00:01:32

Health: 0/63       AC: 22    Str: 23    XL:     5   Next: 67%
Magic:  5/5        EV:  2    Int:  7    God:
Gold:   215        SH:  5    Dex: 13    Spells: 4/4 levels left

rFire   . . .      SeeInvis .    a - +0 war axe
rCold   . . .      Faith    .    c - +0 buckler
rNeg    . . .      Spirit   .    (body armour currently unavailable)
rPois   +          Reflect  .    (helmet unavailable)
rElec   .          Harm     .    (cloak currently unavailable)
rCorr   .          Rampage  .    (gloves currently unavailable)
Will    .....                    (boots currently unavailable)
Stlth   +                        (no amulet)
HPRegen 0.30/turn                (no ring)
MPRegen 0.09/turn                (no ring)

@: lethally poisoned (0 -> -1), tree-form
A: stationary, stasis, torment immunity, boosted hp, permanent stasis, dig
shafts and tunnels, (antennae 3), four strong arms
a: no special abilities


You were on level 4 of the Dungeon.
You were a tree.
You visited 1 branch of the dungeon, and saw 4 of its levels.

You collected 215 gold pieces.

Inventory:

Hand Weapons
 a - a +0 war axe (weapon)
Armour
 b - a +0 scale mail (melded)
 c - a +0 buckler (worn)
Scrolls
 e - a scroll of vulnerability
 t - 2 scrolls of teleportation
Potions
 d - 2 potions of might
 i - a potion of attraction
 j - a potion of lignification


   Skills:
 + Level 4.1 Fighting
 * Level 3.7 Axes
 + Level 4.0 Armour
 + Level 5.0 Shields


You had 4 spell levels left.
You didn't know any spells.
Your spell library was empty.

Dungeon Overview and Level Annotations

Branches:
Dungeon (4/15)
 Temple: D:4-7

Altars:

Shops:
D:3 (


Innate Abilities, Weirdness & Mutations

You are a tree.
Your roots penetrate the ground, keeping you stationary.
You cannot be teleported.
You are immune to unholy pain and torment.
Your maximum health is greatly increased.
Your equipment is partially melded.
You cannot be hasted, slowed, berserked, paralysed or teleported.
You can dig through walls and to a lower floor.
((You have a pair of large antennae on your head. (SInv)))
Your four strong arms can wield two-handed weapons with a shield.


Message History

The kobold is moderately wounded.
The kobold hits you but does no damage.
You slash the kobold!
You kill the kobold!
No target in view!
No target in view!
No target in view!
You see here a +0 short sword.
You now have 208 gold pieces (gained 12).
You now have 215 gold pieces (gained 7).
Things that are here:
a +0 hand axe; an orc corpse
Items here: ( )) [ †.
You sense a monster nearby.
No target in view!
An orc wizard comes into view. It is wielding a +0 dagger.
An orc wizard is nearby!
An orc wizard is nearby!
An adder and an orc come into view.
The adder hisses angrily.
The orc shouts!
A quokka comes into view.
An orc comes into view. It is wielding a +0 war axe.
Found a potion of attraction.
The orc shouts!
The orc wizard hits you with a +0 dagger.
You hit the orc wizard but do no damage.
The orc wizard hits you with a +0 dagger.
You miss the orc wizard. You barely miss the orc.
The orc wizard casts a spell at you. The magic dart hits you.
The orc misses you.
You barely miss the orc wizard. You hit the orc. You closely miss the adder.
The adder bites you but does no damage.
The orc wizard points at you and mumbles some strange words.
The puff of flame hits you. The orc hits you with a +0 short sword.
The adder bites you but does no damage. The orc hits you but does no damage.
You barely miss the orc.
The orc is almost dead.
You hit the orc wizard but do no damage.
You hit the orc but do no damage. You barely miss the adder.
The adder closely misses you. The adder bites you but does no damage.
The orc hits you with a +0 war axe.
The orc wizard hits you but does no damage.
You block the orc's attack.
You slash the orc!
You kill the orc!
You miss the orc wizard. You barely miss the orc. You barely miss the adder.
The adder closely misses you. The orc barely misses you.
The orc wizard hits you but does no damage.
The adder bites you but does no damage.
The orc wizard gestures at you while chanting.
You resist with some effort. You block the orc's attack.
You slash the orc wizard!
The orc wizard is almost dead.
You hit the adder. You hit the quokka.
You kill the quokka!
You barely miss the orc. The adder bites you but does no damage.
The orc wizard hits you but does no damage.
The orc barely misses you. The adder closely misses you.
You closely miss the orc wizard.
The orc wizard is almost dead.
You closely miss the orc. You hit the adder.
The adder bites you but does no damage. The orc closely misses you.
The orc wizard hits you but does no damage.
The adder bites you.
You hit the orc wizard but do no damage.
The orc wizard is almost dead.
You miss the adder. You barely miss the orc.
The orc wizard hits you with a +0 dagger.
The orc hits you with a +0 war axe!
* * * LOW HITPOINT WARNING * * *
The adder bites you but does no damage.
The orc wizard hits you but does no damage.
The orc hits you with a +0 war axe!
* * * LOW HITPOINT WARNING * * *
You are too injured to fight recklessly!
You hit the orc wizard.
You kill the orc wizard!
You barely miss the adder. You slash the orc!
You kill the orc!
The adder bites you.
* * * LOW HITPOINT WARNING * * *
You are lethally poisoned!
The adder poisons you! You block the adder's attack.
Your Shields skill increases to level 5!
Unknown command.
You turn into a tree.
Your +0 scale mail melds into your body.
Your roots penetrate the ground.
* * * LOW HITPOINT WARNING * * *
You feel sick. You block the adder's attack.
You hit the adder.
The adder is almost dead.
* * * LOW HITPOINT WARNING * * *
You feel sick. The adder bites you but does no damage.
You block the adder's attack.
You closely miss the adder.
The adder is almost dead.
* * * LOW HITPOINT WARNING * * *
You feel sick. The adder bites you.
You die...

#.# .#.# #.#
##....# { ..
. .. #.#!
##..##.# #.
###
...#####..##
.#
#.....#..##
.# #..8..## #
##.....###..#
#..8......#
+..S..#####
#)♣8.......{
#))†...#.##
#..8..$## .r
.....#### ..
....### .
...... .....#
.....


You could see an adder.

Vanquished Creatures
  An orc priest (D:4)
  An orc wizard (D:4)
  2 adders (D:4)
  2 dart slugs
  5 orcs (D:4)
  6 endoplasms
  A giant cockroach (D:1)
  8 goblins
  8 hobgoblins
  4 jackals (D:1)
  5 quokkas
  7 ball pythons
  7 bats
  3 frilled lizards (D:1)
  6 kobolds
  6 rats
72 creatures vanquished.

Notes
Turn   | Place    | Note
-------+----------+-------------------------------------------
     0 | D:1      | Flugslaktarn the Formicid Fighter began the quest for the
                  | Orb.
     0 | D:1      | Reached XP level 1. HP: 18/18 MP: 1/1
    77 | D:1      | Reached XP level 2. HP: 24/24 MP: 2/2
   272 | D:1      | Reached XP level 3. HP: 24/29 MP: 3/3
   807 | D:1      | You fall into a shaft and drop 1 floor!
   897 | D:2      | Reached XP level 4. HP: 34/37 MP: 4/4
   987 | D:2      | Found a faded altar of an unknown god.
  1331 | D:3      | Found Abarudareul's Weapon Emporium.
  2391 | D:4      | Reached XP level 5. HP: 25/42 MP: 5/5
  2552 | D:4      | HP: 2/42 [adder (1)]
  2553 | D:4      | Reached skill level 5 in Shields
  2555 | D:4      | Slain by an adder

Illustrated notes

Levels and vault maps discovered:
D:1:      amcnicky_arrival_blooded_trapdoor, layout_basic,
          minmay_strange_pillars
D:2:      layout_rooms, nicolae_ecumenical_pavilion, minmay_misc_feat_five
D:3:      layout_loops_ring, serial_shops, shop
D:4:      layout_rooms, zin_statuary

Skill      XL: |  1  2  3  4  5 |
---------------+----------------+-----
Axes           | 3 |  3.7
Fighting       | 4 |  4.1
Armour         | 4 |  4.0
Shields        | 5 |  5.0

Action                     |  1- 3 |  4- 6 || total
---------------------------+-------+-------++-------
  Melee: War axe           |   116 |    85 ||   201
    Use: Scroll            |       |     8 ||     8
         Potion            |       |     5 ||     5
 Armour: Scale mail        |    67 |    45 ||   112
         Skin              |       |     1 ||     1
  Dodge: Dodged            |    67 |    51 ||   118
  Block: Buckler           |    29 |    29 ||    58

Table legend: (Time is in decaauts)
 A = Elapsed time spent in this place.
 B = Non-inter-level travel time spent in this place.
 C = Inter-level travel time spent in this place.
 D = Time resting spent in this place.
 E = Time spent auto-exploring this place.
 F = Levels seen in this place.
 G = Mean time per level.
                   A        B        C        D        E       F      G
               +--------+--------+--------+--------+--------+-----+--------+
         Total |   2634 |   2574 |     60 |    331 |   1725 |   4 |  658.5 |
       Dungeon |   2634 |   2574 |     60 |    331 |   1725 |   4 |  658.5 |
               +--------+--------+--------+--------+--------+-----+--------+

Top non-repeatable levels by time:
     D:3: 939 daAuts
     D:1: 847 daAuts
     D:2: 445 daAuts
     D:4: 401 daAuts
